[ AOE2 MATCH · #505465218 ]
UnrankedVietnamese vs Mongols
Rival team · WIN
[ REPLAY ANALYSIS · EXTRACTED FROM THE RECORDED GAME ]
Feudal
10:38
Castle
21:38
Imperial
—
| APM avg | 43.9 |
| APM peak | 96 |
| eAPM avg | 18.9 |
| Villagers / military | 53 / 34 |
Focus
⚔️ 27.1% · 🌾 72.9%
Archer ×29 · Spearman ×2 · Mangonel ×2 · Monk ×1
Feudal
10:06
Castle
15:16
Imperial
33:50
| APM avg | 80.4 |
| APM peak | 174 |
| eAPM avg | 41.0 |
| Villagers / military | 99 / 46 |
Focus
⚔️ 66.2% · 🌾 33.8%
Mangudai ×39 · Fishing Ship ×7 · Galley ×2 · Battering Ram ×2 · Monk ×1 · Trebuchet (Packed) ×1
Match map
Initial resources + every placement click. Lines = walls · curves = elevation contours. ◆ gold · ⬟ stone · ● berries · ✦ relic · ◌ wall gap
Your base· Open — 2t gap
DS_Gabo's base· Open — unwalled flank
Smoothed initial terrain · ◌ = detected wall gap · hover for details
Inputs per minute
— PlvsVltra l Belisario - - DS_Gabo
Build order — PlvsVltra l Belisario
First 150 of 176 actions detected
| 0:01 | Queue | Villager (Male) |
| 0:01 | Queue | Villager (Male) |
| 0:03 | Build | House |
| 0:05 | Build | House |
| 0:06 | Queue | Villager (Male) |
| 0:11 | Queue | Villager (Male) |
| 1:30 | Queue | Villager (Male) |
| 2:08 | Queue | Villager (Male) |
| 2:08 | Queue | Villager (Male) |
| 2:32 | Queue | Villager (Male) |
| 2:32 | Queue | Villager (Male) |
| 2:59 | Research | Loom |
| 3:03 | Build | House |
| 3:18 | Queue | Villager (Male) |
| 3:36 | Build | Lumber Camp |
| 3:37 | Queue | Villager (Male) |
| 3:53 | Queue | Villager (Male) |
| 4:14 | Queue | Villager (Male) |
| 4:44 | Queue | Villager (Male) |
| 4:58 | Queue | Villager (Male) |
| 5:37 | Queue | Villager (Male) |
| 5:42 | Queue | Villager (Male) |
| 5:53 | Build | Palisade Wall |
| 5:54 | Build | Palisade Wall |
| 5:56 | Queue | Villager (Male) |
| 6:05 | Build | Palisade Wall |
| 6:07 | Build | Palisade Wall |
| 6:09 | Build | Palisade Wall |
| 6:11 | Queue | Villager (Male) |
| 6:38 | Build | Mill |
| 6:47 | Queue | Villager (Male) |
| 7:13 | Build | House |
| 7:33 | Build | Palisade Wall |
| 7:52 | Queue | Villager (Male) |
| 8:11 | Build | Palisade Wall |
| 8:16 | Build | Palisade Wall |
| 8:17 | Build | Palisade Wall |
| 8:19 | Research | Feudal Age |
| 8:21 | Build | Palisade Wall |
| 9:27 | Queue | Villager (Male) |
| 9:36 | Build | Barracks |
| 9:44 | Build | House |
| 10:35 | Build | Mining Camp |
| 10:38 | Age | Feudal Age |
| 10:41 | Research | Double-Bit Axe |
| 10:45 | Queue | Villager (Male) |
| 10:47 | Queue | Spearman |
| 11:17 | Queue | Villager (Male) |
| 11:26 | Build | Archery Range |
| 11:27 | Queue | Villager (Male) |
| 11:57 | Queue | Villager (Male) |
| 12:17 | Build | House |
| 12:18 | Queue | Villager (Male) |
| 12:21 | Build | House |
| 12:54 | Queue | Villager (Male) |
| 13:03 | Build | Blacksmith |
| 13:08 | Queue | Archer |
| 13:08 | Queue | Archer |
| 13:11 | Queue | Villager (Male) |
| 13:19 | Build | House |
| 13:35 | Queue | Archer |
| 13:39 | Queue | Villager (Male) |
| 13:42 | Build | Archery Range |
| 13:54 | Build | House |
| 14:02 | Research | Horse Collar |
| 14:23 | Queue | Archer |
| 14:29 | Research | Fletching |
| 14:45 | Build | House |
| 14:48 | Queue | Villager (Male) |
| 14:51 | Build | Mill |
| 15:07 | Queue | Archer |
| 15:24 | Build | Market |
| 15:49 | Queue | Spearman |
| 15:51 | Queue | Archer |
| 15:53 | Build | Archery Range |
| 16:12 | Queue | Villager (Male) |
| 16:13 | Queue | Villager (Male) |
| 16:51 | Build | Mining Camp |
| 16:51 | Queue | Villager (Male) |
| 17:02 | Build | Watch Tower |
| 17:04 | Queue | Villager (Male) |
| 17:14 | Build | Lumber Camp |
| 17:28 | Build | Palisade Wall |
| 18:10 | Build | House |
| 18:22 | Build | Watch Tower |
| 18:58 | Research | Castle Age |
| 19:05 | Research | Padded Archer Armor |
| 19:18 | Build | House |
| 19:35 | Build | Palisade Wall |
| 19:41 | Build | House |
| 19:41 | Build | Palisade Wall |
| 19:46 | Build | House |
| 19:47 | Build | Palisade Wall |
| 19:58 | Build | Lumber Camp |
| 20:00 | Queue | Villager (Male) |
| 20:12 | Build | House |
| 20:13 | Build | Palisade Wall |
| 20:38 | Queue | Villager (Male) |
| 20:59 | Build | Watch Tower |
| 21:02 | Queue | Villager (Male) |
| 21:12 | Queue | Archer |
| 21:12 | Queue | Archer |
| 21:15 | Queue | Archer |
| 21:38 | Age | Castle Age |
| 21:43 | Queue | Villager (Male) |
| 21:53 | Queue | Archer |
| 21:54 | Queue | Archer |
| 22:01 | Build | University |
| 22:04 | Queue | Archer |
| 22:34 | Queue | Villager (Male) |
| 22:51 | Queue | Archer |
| 23:11 | Research | Crossbowman (upgrade) |
| 23:19 | Build | House |
| 23:35 | Build | Town Center |
| 23:40 | Build | Mining Camp |
| 23:55 | Build | Mining Camp |
| 24:07 | Queue | Archer |
| 24:13 | Research | Town Watch |
| 24:16 | Build | Outpost |
| 25:14 | Build | Lumber Camp |
| 26:24 | Queue | Villager (Male) |
| 26:31 | Queue | Villager (Male) |
| 26:49 | Build | Watch Tower |
| 26:54 | Queue | Villager (Male) |
| 27:08 | Build | Watch Tower |
| 27:22 | Queue | Villager (Male) |
| 27:38 | Queue | Villager (Male) |
| 27:44 | Build | House |
| 27:51 | Build | House |
| 27:57 | Queue | Villager (Male) |
| 28:04 | Build | Archery Range |
| 28:09 | Build | House |
| 28:18 | Build | Siege Workshop |
| 28:25 | Build | Outpost |
| 28:35 | Queue | Villager (Male) |
| 28:47 | Queue | Mangonel |
| 28:47 | Queue | Mangonel |
| 28:52 | Queue | Villager (Male) |
| 28:58 | Build | Outpost |
| 29:09 | Queue | Archer |
| 29:09 | Queue | Archer |
| 29:11 | Build | House |
| 29:29 | Queue | Archer |
| 29:32 | Build | Farm |
| 29:49 | Build | Blacksmith |
| 29:58 | Queue | Villager (Male) |
| 30:08 | Queue | Archer |
| 30:16 | Build | Farm |
| 30:19 | Build | Outpost |
| 30:22 | Queue | Archer |
Build order — DS_Gabo
First 150 of 191 actions detected
| 0:00 | Queue | Villager (Male) |
| 0:00 | Queue | Villager (Male) ×3 |
| 0:01 | Build | House |
| 0:02 | Build | House |
| 1:23 | Research | Loom |
| 1:38 | Queue | Villager (Male) |
| 1:53 | Queue | Villager (Male) |
| 2:17 | Build | Palisade Wall |
| 2:19 | Queue | Villager (Male) |
| 2:31 | Build | Palisade Wall |
| 2:42 | Queue | Villager (Male) |
| 3:11 | Queue | Villager (Male) |
| 3:12 | Queue | Villager (Male) |
| 3:26 | Build | Lumber Camp |
| 3:35 | Queue | Villager (Male) |
| 4:22 | Queue | Villager (Male) ×2 |
| 4:30 | Queue | Villager (Male) |
| 4:31 | Queue | Villager (Male) ×2 |
| 4:52 | Build | House |
| 5:01 | Build | House |
| 5:49 | Build | House |
| 6:11 | Queue | Villager (Male) ×2 |
| 6:23 | Build | Dock |
| 6:33 | Queue | Villager (Male) |
| 6:47 | Queue | Villager (Male) |
| 7:12 | Build | Palisade Wall |
| 7:13 | Build | Palisade Wall |
| 7:15 | Build | Palisade Wall |
| 7:23 | Build | Palisade Wall |
| 7:27 | Queue | Villager (Male) |
| 7:33 | Queue | Villager (Male) |
| 7:48 | Queue | Fishing Ship |
| 7:56 | Research | Feudal Age |
| 8:21 | Queue | Fishing Ship |
| 8:31 | Build | Mining Camp |
| 8:53 | Queue | Fishing Ship |
| 9:19 | Queue | Villager (Male) |
| 9:22 | Build | House |
| 10:01 | Queue | Villager (Male) |
| 10:06 | Age | Feudal Age |
| 10:18 | Build | Blacksmith |
| 10:23 | Build | Mill |
| 10:26 | Queue | Villager (Male) |
| 10:55 | Queue | Villager (Male) |
| 11:23 | Build | Market |
| 11:25 | Queue | Villager (Male) |
| 12:00 | Queue | Fishing Ship |
| 12:24 | Build | Palisade Wall |
| 12:36 | Research | Castle Age |
| 12:55 | Build | House |
| 13:24 | Build | Palisade Wall |
| 13:37 | Build | Fish Trap |
| 13:42 | Research | Double-Bit Axe |
| 14:11 | Queue | Villager (Male) |
| 14:43 | Build | House |
| 14:45 | Build | House |
| 14:48 | Build | Palisade Gate |
| 15:16 | Age | Castle Age |
| 15:18 | Queue | Villager (Male) |
| 15:34 | Queue | Villager (Male) |
| 15:42 | Build | Fish Trap |
| 16:03 | Queue | Villager (Male) |
| 16:10 | Build | Castle |
| 16:22 | Queue | Galley |
| 16:29 | Build | Mining Camp |
| 16:29 | Queue | Villager (Male) |
| 16:50 | Queue | Villager (Male) |
| 17:09 | Queue | Mangudai |
| 17:19 | Queue | Galley |
| 17:32 | Queue | Mangudai |
| 17:37 | Queue | Mangudai |
| 17:47 | Queue | Villager (Male) |
| 17:53 | Queue | Villager (Male) |
| 18:01 | Queue | Mangudai |
| 18:23 | Research | Fletching |
| 18:31 | Queue | Villager (Male) |
| 18:31 | Queue | Villager (Male) |
| 18:48 | Queue | Villager (Male) |
| 18:52 | Build | Mining Camp |
| 18:55 | Queue | Mangudai |
| 18:58 | Queue | Villager (Male) |
| 19:11 | Research | Bodkin Arrow |
| 19:26 | Queue | Villager (Male) |
| 19:36 | Queue | Villager (Male) |
| 19:46 | Build | Lumber Camp |
| 19:56 | Queue | Villager (Male) |
| 20:10 | Queue | Villager (Male) |
| 20:45 | Queue | Villager (Male) ×2 |
| 20:49 | Research | Padded Archer Armor |
| 20:50 | Research | Padded Archer Armor |
| 20:51 | Queue | Mangudai |
| 21:06 | Queue | Villager (Male) |
| 21:07 | Queue | Mangudai ×2 |
| 21:21 | Queue | Villager (Male) |
| 21:35 | Queue | Mangudai |
| 21:43 | Queue | Villager (Male) |
| 21:51 | Queue | Villager (Male) |
| 22:08 | Build | Castle |
| 22:10 | Queue | Villager (Male) |
| 22:22 | Build | Fish Trap |
| 22:32 | Queue | Mangudai ×2 |
| 22:55 | Queue | Mangudai |
| 22:58 | Queue | Villager (Male) |
| 23:34 | Queue | Mangudai ×2 |
| 23:38 | Queue | Villager (Male) |
| 23:45 | Queue | Villager (Male) |
| 23:46 | Queue | Villager (Male) |
| 23:53 | Build | Siege Workshop |
| 24:01 | Build | Mining Camp |
| 24:16 | Build | Lumber Camp |
| 24:18 | Queue | Villager (Male) |
| 24:40 | Queue | Villager (Male) |
| 24:48 | Build | University |
| 25:00 | Queue | Villager (Male) |
| 25:06 | Queue | Battering Ram |
| 25:18 | Build | Outpost |
| 25:24 | Queue | Villager (Male) |
| 25:33 | Queue | Mangudai |
| 25:33 | Queue | Mangudai |
| 25:55 | Queue | Villager (Male) |
| 26:02 | Queue | Battering Ram |
| 26:06 | Queue | Villager (Male) |
| 26:10 | Research | Town Watch |
| 26:12 | Queue | Villager (Male) |
| 26:16 | Build | House |
| 26:17 | Build | House |
| 26:29 | Research | Ballistics |
| 26:30 | Queue | Mangudai |
| 26:37 | Queue | Villager (Male) |
| 26:43 | Build | Fish Trap |
| 26:55 | Queue | Villager (Male) |
| 26:55 | Queue | Villager (Male) |
| 27:39 | Queue | Villager (Male) |
| 27:41 | Build | House |
| 27:55 | Queue | Fishing Ship |
| 27:55 | Queue | Fishing Ship |
| 28:02 | Build | Barracks |
| 28:17 | Build | Monastery |
| 28:28 | Queue | Villager (Male) |
| 28:30 | Queue | Mangudai ×2 |
| 28:36 | Queue | Villager (Male) ×4 |
| 28:39 | Build | House |
| 28:39 | Build | House |
| 28:44 | Queue | Mangudai |
| 28:48 | Queue | Villager (Male) |
| 29:00 | Queue | Villager (Male) |
| 29:04 | Queue | Monk |
| 29:07 | Queue | Villager (Male) |
| 29:08 | Queue | Villager (Male) ×5 |
| 29:08 | Queue | Villager (Male) ×2 |
Match timeline
| 2:17 | DS_Gabo · wall_segment Palisade Wall x2 |
| 2:31 | DS_Gabo · wall_segment Palisade Wall x1 |
| 5:53 | PlvsVltra l Belisario · wall_segment Palisade Wall x1 |
| 5:54 | PlvsVltra l Belisario · wall_segment Palisade Wall x1 |
| 6:05 | PlvsVltra l Belisario · wall_segment Palisade Wall x1 |
| 6:07 | PlvsVltra l Belisario · wall_segment Palisade Wall x1 |
| 6:09 | PlvsVltra l Belisario · wall_segment Palisade Wall x1 |
| 6:23 | DS_Gabo · first_building Dock |
| 7:12 | DS_Gabo · wall_segment Palisade Wall x1 |
| 7:13 | DS_Gabo · wall_segment Palisade Wall x1 |
| 7:15 | DS_Gabo · wall_segment Palisade Wall x1 |
| 7:23 | DS_Gabo · wall_segment Palisade Wall x1 |
| 7:33 | PlvsVltra l Belisario · wall_segment Palisade Wall x1 |
| 8:11 | PlvsVltra l Belisario · wall_segment Palisade Wall x1 |
| 8:16 | PlvsVltra l Belisario · wall_segment Palisade Wall x1 |
| 8:17 | PlvsVltra l Belisario · wall_segment Palisade Wall x1 |
| 8:21 | PlvsVltra l Belisario · wall_segment Palisade Wall x1 |
| 9:36 | PlvsVltra l Belisario · first_building Barracks |
| 10:06 | DS_Gabo · age_up feudal |
| 10:38 | PlvsVltra l Belisario · age_up feudal |
| 11:26 | PlvsVltra l Belisario · first_building Archery Range |
| 12:24 | DS_Gabo · wall_segment Palisade Wall x5 |
| 12:30 | DS_Gabo · first_market_sell 100 stone |
| 13:24 | DS_Gabo · wall_segment Palisade Wall x1 |
| 15:16 | DS_Gabo · age_up castle |
| 16:10 | DS_Gabo · first_building Castle |
| 17:20 | PlvsVltra l Belisario · first_market_buy 100 food |
| 17:28 | PlvsVltra l Belisario · wall_segment Palisade Wall x8 |
| 18:33 | PlvsVltra l Belisario · first_market_sell 100 wood |
| 19:35 | PlvsVltra l Belisario · wall_segment Palisade Wall x8 |
| 19:41 | PlvsVltra l Belisario · wall_segment Palisade Wall x1 |
| 19:47 | PlvsVltra l Belisario · wall_segment Palisade Wall x1 |
| 20:13 | PlvsVltra l Belisario · wall_segment Palisade Wall x1 |
| 20:14 | DS_Gabo · first_market_buy 100 stone |
| 21:38 | PlvsVltra l Belisario · age_up castle |
| 23:53 | DS_Gabo · first_building Siege Workshop |
| 28:02 | DS_Gabo · first_building Barracks |
| 28:17 | DS_Gabo · first_building Monastery |
| 28:18 | PlvsVltra l Belisario · first_building Siege Workshop |
| 30:26 | PlvsVltra l Belisario · first_building Monastery |
| 31:07 | DS_Gabo · first_building Stable |
| 33:50 | DS_Gabo · age_up imperial |
| 35:22 | PlvsVltra l Belisario · resign |
[ AI ANALYSIS · 1 CREDIT ]
What really happened in this match?
Wolo.gg analyzes every decision: build order, eco, micro, common mistakes by bracket. Personalized analysis on WhatsApp or Discord in 30 seconds.
Civ guide
Vietnamese
Perfil
PlvsVltra l Belisario